 Dungeon Crawl Stone Soup version 0.28.0-53-g5a82cb258f (webtiles) character file.

Game seed: 7900980572667273790

5744 Ashen the Chiller (level 10, -4/115 HPs)
             Began as a Demonspawn Ice Elementalist on July 12, 2022.
             Was a Follower of Vehumet.
             Slain by Harold
             ... wielding a +1 dire flail of holy wrath
              (9 damage)
             ... on level 9 of the Dungeon.
             The game lasted 00:24:09 (10465 turns).

Ashen the Chiller (Demonspawn Ice Elementalist)    Turns: 10465, Time: 00:24:10

Health: -4/115     AC: 25    Str: 10    XL:     10   Next: 49%
Magic:  13/19      EV:  2    Int: 24    God:    Vehumet [*.....]
Gold:   310        SH:  0    Dex: 13    Spells: 8/21 levels left

rFire   . . .      SeeInvis .   x - +3 dagger (venom)
rCold   . . .      Faith    .   (no shield)
rNeg    . . .      Spirit   .   (armour currently unavailable)
rPois   +          Reflect  .   (helmet currently unavailable)
rElec   .          Harm     .   (cloak currently unavailable)
rCorr   .          Rampage  .   (gloves currently unavailable)
Will    .....      NoTele   +   (boots currently unavailable)
Stlth   +++.......              (no amulet)
HPRegen 0.29/turn               (no ring)
MPRegen 0.32/turn               (no ring)

@: tree-form, marked, attractive, hasted, very quick
A: stationary, stasis, torment immunity, boosted hp, powered by pain 1, magic
regeneration, big brain 2, (demonic touch 1)
a: Renounce Religion


You were on level 9 of the Dungeon.
You worshipped Vehumet.
Vehumet was aware of your devotion.
You were a tree.
You visited 2 branches of the dungeon, and saw 10 of its levels.

You collected 320 gold pieces.
You spent 10 gold pieces at shops.

Inventory:

Hand Weapons
 t - a +1 spear of freezing
 x - a +3 dagger of venom (weapon)
Missiles
 v - 4 throwing nets
Armour
 c - a +0 leather armour of poison resistance
 f - a +2 robe of the Archmagi
 r - a +0 pair of boots (melded)
 u - a +2 helmet (melded)
 y - a +2 robe of willpower (melded)
Wands
 D - a wand of iceblast (10)
 H - a wand of paralysis (12)
Scrolls
 a - a scroll of enchant armour
 d - a scroll of amnesia
 g - 2 scrolls of vulnerability {unknown}
 h - a scroll of summoning {unknown}
 j - 2 scrolls of enchant weapon
 m - a scroll of torment {unknown}
 n - a scroll of fear {unknown}
 o - a scroll of fog {unknown}
 p - 3 scrolls of teleportation
 s - a scroll of silence {unknown}
 w - a scroll of blinking {unknown}
 z - 5 scrolls of identify
 B - 2 scrolls of brand weapon {unknown}
 I - a scroll of acquirement {unknown}
Potions
 b - a potion of flight
 e - 2 potions of attraction
 i - a potion of mutation {unknown}
 k - 3 potions of curing {unknown}
 l - 2 potions of invisibility {unknown}
 q - a potion of lignification
 A - a potion of brilliance {unknown}
 E - 2 potions of berserk rage {unknown}
 F - a potion of might {unknown}
 G - 2 potions of cancellation {unknown}


   Skills:
 + Level 6.3 Fighting
 + Level 6.2 Dodging
 + Level 6.7 Stealth
 + Level 6.3 Spellcasting
 + Level 5.6 Conjurations
 + Level 7.0 Ice Magic
 + Level 1.1 Air Magic


You had 8 spell levels left.
You knew the following spells:

 Your Spells              Type           Power      Damage    Failure   Level
a - Freeze                Ice            100%       1d11      1%          1
b - Frozen Ramparts       Ice            82%        1d10      1%          3
c - Ozocubu's Armour      Ice            41%        N/A       1%          3
d - Hailstorm             Conj/Ice       38%        3d9       5%          4
e - Corpse Rot            Necr/Air       20%        N/A       9%          2

Your spell library contained the following spells:

 Spells                   Type           Power      Damage    Failure   Level
 Sandblast                Erth           14%        2d6       8%          1
 Animate Skeleton         Necr           14%        N/A       8%          1
 Pain                     Necr           28%        1d5       8%          1
 Dazzling Flash           Conj/Hex       42%        N/A       8%          3
 Scorch                   Fire           14%        2d6       12%         2
 Ice Form                 Ice/Tmut       24%        N/A       19%         4
 Summon Ice Beast         Ice/Summ       24%        N/A       19%         4
 Vampiric Draining        Necr           7%         2d6       22%         3
 Flame Wave               Conj/Fire      21%        2d7       24%         4
 Iskenderun's Mystic Bla  Conj/Tloc      21%        2d6       24%         4
 Dispel Undead            Necr           7%         3d8       58%         4
 Starburst                Conj/Fire      10%        6d5       98%         6
 Death Channel            Necr           3%         N/A       100%        6
 Summon Cactus Giant      Summ           3%         N/A       100%        6


Dungeon Overview and Level Annotations

Branches:
Dungeon (9/15)             Temple (1/1) D:7            Lair (0/6) D:9
    Orc: D:9-12

Altars:
Ashenzari
Dithmenos
Elyvilon
Fedhas
Gozag
Hepliaklqana
Kikubaaqudgha
Makhleb
Nemelex Xobeh
Okawaru
Ru
Sif Muna
Trog
Uskayaw
Vehumet
Wu Jian
Xom
Yredelemnul
Zin
The Shining One

Shops:
D:1 [   D:2 !

Annotations:
D:7 Maggie
D:9 Harold


Innate Abilities, Weirdness & Mutations

You are a tree.
Your roots penetrate the ground, keeping you stationary.
You cannot be teleported.
You are immune to unholy pain and torment.
Your maximum health is greatly increased.
Your equipment is partially melded.
You sometimes gain a little power by taking damage.
You regenerate magic rapidly.
You have an extremely huge brain. (Int +4)
((Your touch may inflict minor irresistible damage on your foes.))


Message History

You see here a yak corpse.
Harold throws a throwing net.
The throwing net hits you.
You become entangled in the net!
You see here a throwing net.
As you read the scroll labelled MICWID PAYROO, it crumbles to dust.
You feel strangely unstable.
It was a scroll of teleportation.
Casting: Ozocubu's Armour (safe; 1% risk of failure)
Confirm with . or Enter, or press ? or * to list all spells.
Casting: Frozen Ramparts (safe; 1% risk of failure)
Press: ? - help, Dir - look around, f - activate The walls around you are covered in ice.
The wall freezes Harold.
Harold looks eager to get this over with.
Harold fires a harpoon shot at you. The harpoon shot hits you!
* * * LOW HITPOINT WARNING * * *
The frozen ramparts melt away as you move.
You are yanked forward by the harpoon shot.
It was a potion of attraction.
You feel attractive to monsters. The cyclops is attracted toward you.
It was a potion of lignification.
You turn into a tree.
Your +2 helmet melds into your body.
Your +0 pair of boots melds into your body.
Your +2 robe of willpower melds into your body.
You feel less strong-willed.
Your roots penetrate the ground.
You feel strangely stable.
Harold points at you and mumbles some strange words.
The mark upon you grows brighter.
Casting: Frozen Ramparts (safe; 1% risk of failure)
Confirm with . or Enter, or press ? or * to list all spells.
Casting: Hailstorm (dangerous; 5% risk of failure)
Press: ? - help, Dir - look around, f - activate A cannonade of hail descends around you!
The hail pelts the wight.
The wight partially resists.
The wight is lightly damaged.
The hail pelts the centaur zombie!!
The centaur zombie partially resists.
The centaur zombie is heavily damaged.
Harold hits you with a +1 dire flail of holy wrath!
You die...

......##......##.....#
......##.......))###.#
......##.###..##.#
......##.# #..##§#
......##.# #..##.#
......##.# #.[##.#
......##.# #..##.#
.<....##.# #..##C#
###......# #..##♣#
#......# #@# #......#
#z# #......# #Z#
#......# #.# .......
#.# #.#
.>.............
...!........@..


You could see Harold (poisoned), a cyclops, a wight and a centaur zombie.

Vanquished Creatures
  A two-headed ogre (D:8)
  Pikel (D:6)
  A hornet (D:7)
  Prince Ribbit (D:7)
  5 yaks (D:9)
  A wyvern (D:7)
  Sigmund (D:2)
  Grum (D:8)
  A steam dragon (D:8)
  A water moccasin (D:8)
  Duvessa (D:4)
  An orc warrior (D:8)
  2 sky beasts
  An ice beast (D:7)
  A centaur (D:8)
  2 wolves (D:8)
  A lemure (D:5)
  3 ogres
  A phantom (D:7)
  Blork the orc (D:6)
  2 kobold brigands
  2 bullfrogs
  4 scorpions
  A water moccasin zombie (D:5)
  A gnoll sergeant (D:8)
  A wyvern skeleton (D:5)
  Dowan (D:4)
  A water moccasin skeleton (D:5)
  An electric eel (D:6)
  A howler monkey (D:5)
  2 centaur skeletons (D:6)
  5 orc priests
  2 bullfrog skeletons
  A hound (D:6)
  A gnoll shaman (D:5)
  5 iguanas
  8 orc wizards
  A howler monkey zombie (D:6)
  Robin (D:4)
  14 gnolls
  2 adders (D:2)
  A shadow imp (D:7)
  3 white imps
  An ufetubus (D:7)
  3 worms
  A dart slug (D:1)
  27 orcs
  7 endoplasms
  A giant cockroach (D:2)
  15 goblins
  2 hobgoblins (D:1)
  6 jackals
  13 kobolds
  4 quokkas
  3 ball pythons
  2 bats
  2 frilled lizards
  2 rats (D:1)
178 creatures vanquished.

Vanquished Creatures (others)
  An orc wizard (D:8)
  34 plants
35 creatures vanquished.

Grand Total: 213 creatures vanquished

Notes
Turn   | Place    | Note
-------+----------+-------------------------------------------
     0 | D:1      | Ashen the Demonspawn Ice Elementalist began the quest for
                  | the Orb.
     0 | D:1      | Reached XP level 1. HP: 13/13 MP: 3/3
    26 | D:1      | Found Raippom's Armour Shoppe.
   551 | D:1      | Gained mutation: You regenerate magic rapidly. [demonic
                  | ancestry]
   551 | D:1      | Reached XP level 2. HP: 11/20 MP: 1/5
   868 | D:1      | Found a faded altar of an unknown god.
  1496 | D:2      | Noticed Sigmund
  1518 | D:2      | Found Xir Baun's Distillery.
  1563 | D:2      | Reached skill level 1 in Fighting
  1563 | D:2      | Gained mutation: Your touch may inflict minor irresistible
                  | damage on your foes. [demonic ancestry]
  1563 | D:2      | Reached XP level 3. HP: 25/26 MP: 3/6
  1581 | D:2      | Bought a potion of degeneration for 10 gold pieces
  2502 | D:3      | Found a hazy altar of Hepliaklqana.
  2601 | D:3      | Learned a level 3 spell: Frozen Ramparts
  2754 | D:3      | Identified the +0 ring mail of Negation {*Corrode +Inv
                  | Dex+9 Stlth-}
  3120 | D:4      | Reached XP level 4. HP: 32/32 MP: 3/7
  3224 | D:4      | Noticed Dowan
  3226 | D:4      | Noticed Duvessa
  3270 | D:4      | Reached skill level 4 in Ice Magic
  3425 | D:4      | Noticed Robin
  3453 | D:4      | Killed Robin
  3566 | D:4      | Noticed a sky beast
  3587 | D:4      | Killed a sky beast
  3588 | D:4      | Reached XP level 5. HP: 15/38 MP: 1/9
  3814 | D:4      | Reached XP level 6. HP: 45/45 MP: 7/10
  4008 | D:4      | Found a sacrificial altar of Ru.
  4133 | D:5      | Entered Level 5 of the Dungeon
  4158 | D:5      | Learned a level 3 spell: Ozocubu's Armour
  4163 | D:5      | Learned a level 4 spell: Hailstorm
  4546 | D:5      | Found a hide-covered altar of Uskayaw.
  4575 | D:5      | Gained mutation: You sometimes gain a little power by
                  | taking damage. [demonic ancestry]
  4575 | D:5      | Reached XP level 7. HP: 19/52 MP: 9/12
  4594 | D:5      | Reached skill level 1 in Conjurations
  5408 | D:5      | Found a burning altar of Makhleb.
  5410 | D:5      | Noticed a balrug
  5414 | D:5      | Noticed a ynoxinul
  5414 | D:5      | Noticed a ynoxinul
  5504 | D:4      | Killed Dowan
  5544 | D:4      | Killed Duvessa
  5545 | D:4      | Reached skill level 5 in Ice Magic
  5653 | D:2      | Killed Sigmund
  5654 | D:2      | Gained mutation: You have an unusually large brain. (Int
                  | +2) [demonic ancestry]
  5654 | D:2      | Reached XP level 8. HP: 49/60 MP: 4/14
  5780 | D:6      | Noticed Pikel
  6913 | D:6      | Noticed Blork the orc
  6938 | D:6      | Killed Pikel
  6939 | D:6      | Reached skill level 5 in Stealth
  6939 | D:6      | Reached skill level 5 in Spellcasting
  6939 | D:6      | Gained mutation: You have an extremely huge brain. (Int +4)
                  | [demonic ancestry]
  6939 | D:6      | Reached XP level 9. HP: 43/66 MP: 10/16
  7041 | D:6      | Killed Blork the orc
  7042 | D:6      | Reached skill level 5 in Dodging
  7410 | D:7      | Reached skill level 6 in Ice Magic
  7766 | D:7      | Reached skill level 5 in Fighting
  7913 | D:7      | Noticed Maggie
  7948 | D:7      | Noticed Prince Ribbit
  7963 | D:7      | Killed Prince Ribbit
  8299 | D:7      | Found a blossoming altar of Fedhas.
  8679 | D:7      | Found a staircase to the Ecumenical Temple.
  8688 | Temple   | Entered the Ecumenical Temple
  8779 | Temple   | Became a worshipper of Vehumet
  8884 | D:8      | Noticed a two-headed ogre
  8942 | D:8      | Killed a two-headed ogre
  8943 | D:8      | Reached skill level 5 in Conjurations
  8943 | D:8      | Reached XP level 10. HP: 76/76 MP: 9/18
  9562 | D:8      | Noticed Grum
  9584 | D:8      | Killed Grum
  9588 | D:8      | Reached * piety under Vehumet
  9588 | D:8      | Offered knowledge of Sandblast by Vehumet.
  9592 | D:8      | Learned a level 2 spell: Corpse Rot
 10302 | D:9      | Noticed a cyclops
 10399 | D:9      | Found a staircase to the Lair.
 10399 | D:9      | Noticed Harold
 10427 | D:9      | Reached skill level 7 in Ice Magic
 10429 | D:9      | Reached skill level 1 in Air Magic
 10462 | D:9      | HP: 3/77 [Harold/harpoon shot (11)]
 10465 | D:9      | Slain by Harold

Illustrated notes

Levels and vault maps discovered:
D:1:      dpeg_arrival_lava_temple_mockup, layout_basic,
          hellmonk_ecumenical_altar_inner_sanctum, serial_shops, shop,
          grunt_decor_arrowhead
D:2:      layout_basic, serial_shops, shop, uniq_sigmund
D:3:      layout_basic, mainiacjoe_overflow_catwalk, serial_bayou_pond_a,
          kennysheep_generic_room_13
D:4:      layout_cave_pools, nicolae_ru_the_path_less_chosen,
          minmay_a_box_with_orc_wizards_in_it, uniq_duvessa, uniq_robin
D:5:      layout_basic, makhleb_altar_promises_db, nicolae_uskayaw_dance_hall
D:6:      layout_cave_pools, serial_bayou, serial_bayou_shore_b,
          serial_bayou_pond_c, serial_bayou_crossing, serial_bayou_pond_b,
          minmay_misc_feat_hallway, uniq_pikel, uniq_blork_the_orc
D:7:      layout_basic, mainiacjoe_overflow_six_doors_small,
          lemuel_doored_altar, minmay_temple_entry_drinking_statues,
          uniq_prince_ribbit1, uniq_maggie
D:8:      layout_loops_ring, lightli_orcish_oven, uniq_grum
D:9:      layout_long_grid, amethyst_overflow_temple_binary, lair_entry_dummy,
          minmay_circle_x, uniq_harold
Temple:   nicolae_temple_great_sept

Skill      XL: |  1  2  3  4  5  6  7  8  9 10 |
---------------+-------------------------------+-----
Stealth        | 2 3 4 5 6 |  6.7
Dodging        | 2 3 4 5 6 |  6.2
Fighting       | 1 2 3 4 5 6 |  6.3
Ice Magic      | 4 5 6 7 |  7.0
Spellcasting   | 3 4 5 6 |  6.3
Conjurations   | 2 3 5 |  5.6
Air Magic      | 1 |  1.1

Action                   |  1- 3 |  4- 6 |  7- 9 | 10-12 || total
-------------------------+-------+-------+-------+-------++-------
Melee: Unarmed           |    30 |       |       |       ||    30
       Touch             |     1 |    14 |    60 |    14 ||    89
       Spear             |       |     5 |    13 |       ||    18
       Dagger            |       |    40 |   237 |    67 ||   344
       Punch             |       |     1 |     8 |     2 ||    11
 Cast: Freeze            |    59 |    20 |    14 |     2 ||    95
       Frozen Ramparts   |       |     5 |    17 |    10 ||    32
       Ozocubu's Armour  |       |     1 |    22 |     8 ||    31
       Hailstorm         |       |       |     1 |     1 ||     2
  Use: Scroll            |       |       |     2 |     3 ||     5
       Potion            |       |       |       |     3 ||     3
 Stab: Sleeping          |     6 |     3 |     2 |     1 ||    12
       Distracted        |       |       |     1 |     1 ||     2
Armor: Robe              |    22 |    14 |    86 |    21 ||   143
Dodge: Dodged            |    48 |    38 |   177 |    60 ||   323
